 Dungeon Crawl Stone Soup version 0.31-a0-981-geadf994542 (webtiles) character file.

Game seed: 14217045532503332370

15595 strifetoe the Mimic (level 12, -3/85 HPs)
             Began as a Djinni Shapeshifter on Nov 2, 2023.
             Was a Priest of Makhleb.
             Shot with an arrow by a centaur (9 damage)
             ... on level 11 of the Dungeon.
             The game lasted 00:21:50 (12338 turns).

strifetoe the Mimic (Djinni Shapeshifter)          Turns: 12338, Time: 00:21:50

Health: -3/85      AC:  8    Str: 17    XL:     12   Next: 59%
Gold:   534        EV: 26    Int: 13    God:    Makhleb [***...] SH:  0 Dex: 13

rFire   + +          +
                       - Unarmed
rCold   x . .        (shield currently unavailable)
rNeg    . . .        w - +0 fire dragon scales
rPois   ∞            (no helmet)
rElec   .            u - +1 cloak
rCorr   .            (no gloves)
SInv    .            (boots unavailable)
Will    +....        h - amulet of the acrobat Stlth
                     m - ring of protection from cold
HPRegen 0.34/turn    t - +4 ring of slaying
MPRegen 0.00/turn

%: acrobat, infuse magic (-4 HP)
@: flux-form, corroded, acrobatic, flying, glowing
A: glow, contaminating, flying, sickness immunity, fire resistance 2, cold
vulnerability 1, float, innate caster, HP casting, extra vitality 1
a: Begin Untransformation, Renounce Religion, Minor Destruction, Lesser Servant
of Makhleb


You were on level 11 of the Dungeon.
You worshipped Makhleb.
Makhleb was most pleased with you.
You were something dangerously unstable.
You visited 2 branches of the dungeon, and saw 12 of its levels.

You collected 630 gold pieces.
You spent 96 gold pieces at shops.

Inventory:

Missiles
 F - a throwing net
Armour
 a - a +0 animal skin
 p - a +2 ring mail of positive energy
 u - a +1 cloak (worn)
 w - +0 fire dragon scales (worn)
 G - an orb of guile
 I - +0 acid dragon scales
Jewellery
 e - an amulet of faith
 h - an amulet of the acrobat (around neck)
 k - a ring of protection from fire
 m - a ring of protection from cold (left hand)
 r - a ring of protection from cold
 s - a +5 ring of evasion
 t - a +4 ring of slaying (right hand)
Talismans
 c - a beast talisman
 d - a flux talisman (active)
Wands
 l - a wand of digging (3)
 v - a wand of iceblast (14)
 D - a wand of flame (33)
Scrolls
 f - 9 scrolls of identify
 i - 5 scrolls of vulnerability
 o - 2 scrolls of teleportation
 y - a scroll of poison
 z - 2 scrolls of immolation
 A - a scroll of fog
 B - 2 scrolls of fear
 C - a scroll of enchant weapon
Potions
 b - a potion of lignification
 j - 2 potions of curing
 n - a potion of enlightenment
 q - 4 potions of might
 x - a potion of experience {unknown}
 E - a potion of ambrosia


   Skills:
 - Level 7.1 Fighting
 - Level 5.0 Armour
 - Level 5.0 Dodging
 + Level 9.3 Unarmed Combat
 - Level 4.8 Invocations
 - Level 12.1 Shapeshifting


You knew the following spells:

 Your Spells              Type           Power      Damage    Failure   Level
a - Magic Dart            Conj           0%         1d3       77%         1
b - Jinxbite              Hex            0%         N/A       88%         2
c - Call Canine Familiar  Summ           0%         N/A       98%         3
d - Gell's Gravitas       Tloc           0%         N/A       98%         3
e - Fulminant Prism       Conj/Hex       0%         3d5       100%        4
Your spell library was empty.


Dungeon Overview and Level Annotations

Branches:
Dungeon (11/15)            Temple (1/1) D:4            Lair (0/5) D:8
    Orc: D:9-12

Altars:
Ashenzari
Cheibriados
Dithmenos
Elyvilon
Fedhas
Gozag
Hepliaklqana
Makhleb
Nemelex Xobeh
Okawaru
Qazlal
Ru
Trog
Uskayaw
Wu Jian
Xom
Yredelemnul
Zin
The Shining One

Shops:
D:2 [   D:7 *   D:8 !   D:9 ?

Annotations:
D:10 2 transporters, Stellion's ghost, journeyman SpBr


Innate Abilities, Weirdness & Mutations

You are something dangerously unstable.
You glow with magical radiation, making you easy to see and hit.
Foes you strike become dangerously contaminated with magical radiation.
You are flying.
You are incapable of wielding weapons or throwing items.
You are immune to sickness and miasma.
You are immune to poison.
Your flesh is very heat resistant. (rF++)
You are vulnerable to cold. (rC-)
You float through the air rather than walking.
You learn spells naturally, not from books.
Your magical power is your life essence.
You have superior vitality. (+4 MHP)


Message History

You kill the centaur!
Makhleb accepts your kill.
You feel better.
The centaur shoots an arrow.
The arrow hits you.
The centaur hits you but does no damage.
The centaur barely misses you.
The centaur hits you but does no damage.
The centaur closely misses you.
The centaur shoots an arrow.
The arrow hits you but does no damage.
You hit the centaur.
The centaur begins to glow.
The centaur is lightly wounded.
The centaur barely misses you. x3
The centaur kicks you but does no damage.
The centaur shoots an arrow.
The arrow hits you but does no damage. The acid dragon spits acid at you.
The splash of acid hits you!!
* * * LOW HITPOINT WARNING * * *
You feel much better.
The centaur hits you but does no damage.
The centaur kicks you but does no damage.
The centaur hits you. The centaur closely misses you.
The centaur shoots an arrow.
The arrow hits you.
The centaur hits you but does no damage.
The centaur kicks you but does no damage.
The centaur barely misses you.
The centaur kicks you but does no damage.
The acid dragon misses you. The acid dragon claws you.
The centaur stops glowing.
The centaur shoots an arrow.
The arrow hits you.
* * * LOW HITPOINT WARNING * * *
The centaur wields a +0 orcbow.
The centaur shoots an arrow.
The arrow barely misses you. The centaur closely misses you.
The centaur completely misses you.
The centaur shoots an arrow.
The arrow closely misses you. The acid dragon spits acid at you.
The splash of acid hits you!!
* * * LOW HITPOINT WARNING * * *
The acid corrodes you!
There is an open door here.
The centaur wields a +0 shortbow.
The centaur shoots an arrow.
The arrow hits you!
You die...

#..## ##.......#####..####
#####...####.........####...##
...........+.........+.......#
###.#...####.........####...##
###.##.## #.......# ##.##
#.....## #.)cDc# #.# #.#.#.#
#c..# #.# #.#.#.# ##'## #.#
#.#.#.# #p# #.# #.#.#.# #.#
#.# #.....# ##.## #.# ###.###
##...## #.# #.# ##.....# #.#
#######.###.########.#
#.......# #..........#
...#####.###.##########
##>..##


You could see an acid dragon (catching breath) and 3 centaurs.

Vanquished Creatures
  A fire dragon (D:11)
  7 two-headed ogres
  2 manticores
  A cyclops (D:11)
  An elephant (D:8)
  Joseph (D:8)
  2 slime creatures (D:10)
  Jeremiah (D:8)
  A hornet (D:8)
  A shadow (D:10)
  A wyvern (D:9)
  2 wraiths
  19 yaks
  2 steam dragons
  An acid dragon (D:11)
  A black bear (D:6)
  A meliai simulacrum (D:11)
  An ice beast (D:7)
  2 sky beasts (D:6)
  An orc warrior (D:7)
  2 ogres
  9 centaurs
  5 kobold brigands
  5 bullfrogs
  A gnoll sergeant (D:10)
  4 scorpions
  22 wights
  2 howler monkeys (D:10)
  4 jellies
  4 hounds
  A gnoll bouda (D:6)
  2 orc priests (D:4)
  2 iguanas
  6 orc wizards
  9 gnolls
  8 adders
  3 river rats (D:4)
  A shadow imp (D:7)
  4 white imps
  3 worms
  3 dart slugs
  12 orcs
  4 endoplasms
  5 giant cockroaches
  4 goblins
  4 hobgoblins
  6 quokkas
  13 ball pythons
  10 bats
  3 frilled lizards
  28 kobolds
  5 rats
243 creatures vanquished.

Notes
Turn   | Place    | Note
-------+----------+-------------------------------------------
     0 | D:1      | strifetoe the Djinni Shapeshifter began the quest for the
                  | Orb.
     0 | D:1      | Reached XP level 1. HP: 17/17 MP: 0/0
    52 | D:1      | Reached skill level 3 in Shapeshifting
    92 | D:1      | Reached XP level 2. HP: 22/22 MP: 0/0
   366 | D:1      | Reached XP level 3. HP: 27/27 MP: 0/0
   366 | D:1      | Learned a level 1 spell: Magic Dart
   702 | D:2      | Found Luama's Armour Boutique.
   848 | D:2      | Found a blossoming altar of Fedhas.
  1015 | D:2      | Reached skill level 4 in Shapeshifting
  1015 | D:2      | Reached XP level 4. HP: 14/32 MP: 0/0
  2407 | D:3      | Reached XP level 5. HP: 34/37 MP: 0/0
  2407 | D:3      | Learned a level 2 spell: Jinxbite
  2448 | D:3      | Reached skill level 5 in Shapeshifting
  2923 | D:4      | Reached XP level 6. HP: 28/42 MP: 0/0
  2924 | D:4      | You are sucked into a shaft and drop 3 floors!
  3004 | D:7      | Noticed an orc warrior
  3009 | D:7      | Reached skill level 6 in Shapeshifting
  3023 | D:7      | Found Pulanlet's Lightly-Used Armoury.
  3097 | D:7      | Reached XP level 7. HP: 23/47 MP: 0/0
  3097 | D:7      | Learned a level 3 spell: Call Canine Familiar
  3219 | D:8      | Noticed a yak
  3219 | D:8      | Noticed a yak
  3219 | D:8      | Noticed a yak
  3220 | D:8      | Noticed a yak
  3236 | D:8      | Killed a yak
  3237 | D:8      | Reached skill level 7 in Shapeshifting
  3252 | D:8      | Killed a yak
  3253 | D:8      | Reached XP level 8. HP: 40/52 MP: 0/0
  3262 | D:8      | Killed a yak
  3268 | D:8      | Killed a yak
  3269 | D:8      | Reached skill level 8 in Shapeshifting
  3460 | D:8      | Found a blossoming altar of Fedhas.
  3465 | D:8      | Noticed Joseph
  3495 | D:8      | Killed Joseph
  3623 | D:8      | Reached XP level 9. HP: 59/59 MP: 0/0
  3623 | D:8      | Learned a level 3 spell: Gell's Gravitas
  3667 | D:8      | Found Wiakkic's Distillery.
  3684 | D:8      | Bought a potion of heal wounds for 60 gold pieces
  3684 | D:8      | Bought a potion of curing for 36 gold pieces
  3949 | D:5      | Entered Level 5 of the Dungeon
  4166 | D:4      | Found a broken altar of Ashenzari.
  4173 | D:4      | Found a white marble altar of Elyvilon.
  4535 | D:4      | Found a sparkling altar of Nemelex Xobeh.
  4551 | D:4      | Found a staircase to the Ecumenical Temple.
  4587 | Temple   | Entered the Ecumenical Temple
  4601 | Temple   | Became a worshipper of Makhleb the Destroyer
  5022 | D:5      | Found a shimmering altar of Xom.
  5022 | D:5      | Found a snail-covered altar of Cheibriados.
  5151 | D:5      | Reached skill level 5 in Dodging
  5727 | D:5      | Reached skill level 1 in Invocations
  6255 | D:7      | Reached skill level 5 in Armour
  6255 | D:7      | Reached XP level 10. HP: 60/67 MP: 0/0
  6339 | D:7      | Identified the +1 robe "Haulan" {Fly rF+ Dex+3}
  6429 | D:7      | Reached skill level 9 in Shapeshifting
  6705 | D:7      | Reached * piety under Makhleb
  7488 | D:8      | Found a staircase to the Lair.
  7518 | D:8      | Noticed an elephant
  7637 | D:7      | Reached skill level 5 in Fighting
  7802 | D:8      | Reached skill level 10 in Shapeshifting
  7825 | D:8      | Reached ** piety under Makhleb
  7856 | D:8      | Identified the +5 spear "Tedeh" {heavy, Will+ Str+2 Stlth+}
  7927 | D:8      | Killed an elephant
  7928 | D:8      | Reached XP level 11. HP: 67/76 MP: 0/0
  7928 | D:8      | Learned a level 4 spell: Fulminant Prism
  8145 | D:8      | Noticed Jeremiah
  8153 | D:8      | Killed Jeremiah
  8356 | D:9      | Noticed a two-headed ogre
  8408 | D:9      | Killed a two-headed ogre
  8409 | D:9      | Reached skill level 11 in Shapeshifting
  8579 | D:9      | Noticed a manticore
  8601 | D:9      | Killed a manticore
  8982 | D:9      | Noticed a two-headed ogre
  8989 | D:9      | Killed a two-headed ogre
  9405 | D:9      | Found Xask's Magic Scroll Boutique.
  9749 | D:10     | Entered Level 10 of the Dungeon
  9827 | D:10     | Reached *** piety under Makhleb
  9828 | D:10     | Reached skill level 12 in Shapeshifting
 10049 | D:10     | Noticed a moth of wrath
 10057 | D:10     | Found a transporter.
 10065 | D:10     | Noticed Stellion's ghost (journeyman SpBr)
 10071 | D:10     | Noticed a wolf spider
 10093 | D:10     | Noticed a two-headed ogre
 10104 | D:10     | Killed a two-headed ogre
 10570 | D:10     | Found a glowing golden altar of the Shining One.
 10573 | D:10     | Found a bloodstained altar of Trog.
 10577 | D:10     | Found a hazy altar of Hepliaklqana.
 10640 | D:10     | Found a transporter.
 10877 | D:11     | Reached skill level 5 in Unarmed Combat
 10877 | D:11     | Reached XP level 12. HP: 80/85 MP: 0/0
 11204 | D:11     | Noticed a two-headed ogre
 11215 | D:11     | Killed a two-headed ogre
 11413 | D:11     | Noticed a two-headed ogre
 11422 | D:11     | Killed a two-headed ogre
 11540 | D:11     | Noticed a two-headed ogre
 11555 | D:11     | Killed a two-headed ogre
 11655 | D:11     | Noticed a two-headed ogre
 11671 | D:11     | Killed a two-headed ogre
 11712 | D:11     | Noticed a fire dragon
 11723 | D:11     | Killed a fire dragon
 12125 | D:11     | Identified the +1 plate armour of Segi {rN+}
 12338 | D:11     | Shot with an arrow by a centaur

Illustrated notes

Levels and vault maps discovered:
D:1:      scummos_arrival_forest, layout_loops_ring
D:2:      layout_basic, basic_altar, serial_shops, shop,
          hangedman_feature_mirror, minmay_shallow_snake_nest
D:3:      layout_basic, cheibrodos_gnoll_hut
D:4:      layout_cave_pools, mainiacjoe_overflow_catwalk_spiral,
          nicolae_overflow_hidden_temple, minmay_temple_entry_proselytizer,
          lightli_sewer_entry_pipes
D:5:      layout_basic, gammafunk_temple_overflow_elements
D:6:      layout_rooms, vehumet_altar_wand_db
D:7:      layout_basic, minmay_shop_damaged
D:8:      layout_loops_cross, amcnicky_altar_gilded,
          grunt_lair_entry_orc_guard_hut, serial_shops, shop, uniq_joseph,
          uniq_jeremiah
D:9:      layout_loops_corners, serial_shops, kennysheep_mini_moat
D:10:     layout_roguey, grunt_temple_overflow_diamond,
          gammafunk_ghost_berserking_beasts, st_stairs_14
D:11:     layout_loops_corners
Temple:   hellmonk_temple_flake

Skill      XL: |  1  2  3  4  5  6  7  8  9 10 11 12 |
---------------+-------------------------------------+-----
Shapeshifting  | 3 4 5 6 7 8 10 12 | 12.1
Fighting       | 2 4 5 7 |  7.1
Armour         | 2 5 |  5.0
Dodging        | 3 5 |  5.0
Invocations    | 2 4 |  4.8
Unarmed Combat | 5 9 |  9.3

Action                     |  1- 3 |  4- 6 |  7- 9 | 10-12 || total
---------------------------+-------+-------+-------+-------++-------
  Melee: Unarmed           |    79 |   127 |   288 |   546 ||  1040
         Punch             |     3 |     3 |     1 |       ||     7
  Evoke: Wand              |       |       |     2 |    27 ||    29
    Use: Scroll            |       |    13 |     3 |     7 ||    23
         Potion            |       |     2 |     1 |     3 ||     6
   Stab: Sleeping          |     2 |     1 |       |       ||     3
         Invisible         |       |       |     2 |       ||     2
         Paralysed         |       |       |       |    14 ||    14
 Armour: Animal skin       |    49 |     5 |       |       ||    54
         Ring mail         |       |    67 |   152 |   241 ||   460
         Skin              |       |       |    25 |       ||    25
         Fire dragon scale |       |       |       |    66 ||    66
         Acid dragon scale |       |       |       |     4 ||     4
  Dodge: Dodged            |    65 |    97 |   267 |   463 ||   892
   Form: Beast             |     1 |       |       |       ||     1
         Flux              |       |       |     1 |       ||     1

Table legend: (Time is in decaauts)
 A = Elapsed time spent in this place.
 B = Non-inter-level travel time spent in this place.
 C = Inter-level travel time spent in this place.
 D = Time resting spent in this place.
 E = Time spent auto-exploring this place.
 F = Levels seen in this place.
 G = Mean time per level.
                   A        B        C        D        E       F      G
               +--------+--------+--------+--------+--------+-----+--------+
         Total |  12271 |  11968 |    303 |   1922 |   7381 |  12 | 1022.6 |
       Dungeon |  12242 |  11939 |    303 |   1922 |   7381 |  11 | 1112.9 |
        Temple |     29 |     29 |      0 |      0 |      0 |   1 |   29.0 |
               +--------+--------+--------+--------+--------+-----+--------+

Top non-repeatable levels by time:
     D:9: 1580 daAuts
     D:2: 1478 daAuts
    D:11: 1461 daAuts
     D:8: 1439 daAuts
     D:7: 1380 daAuts
    D:10: 1111 daAuts
     D:5: 946 daAuts
     D:4: 780 daAuts
     D:3: 765 daAuts
     D:6: 651 daAuts
     D:1: 644 daAuts
  Temple: 29 daAuts
